 Dungeon Crawl Stone Soup version 0.19-a0-1007-g133f65f (webtiles) character file.

14 Implojin the Ruffian (level 2, -6/29 HPs)
             Began as a Troll Fighter on July 19, 2016.
             Mangled by Menkaure (19 damage)
             ... on level 4 of the Dungeon.
             The game lasted 00:00:39 (133 turns).

Implojin the Ruffian (Troll Fighter)                 Turns: 133, Time: 00:00:39

Health: -6/29      AC:  5    Str: 28    XL:     2   Next: 31%
Magic:  1/1        EV:  8    Int:  4    God:
Gold:   0          SH:  9    Dex:  9    Spells: 0 memorised, 1 level left

rFire  . . .     SeeInvis .       - Unarmed
rCold  . . .     Gourm    +     a - +0 robe
rNeg   . . .     Faith    .     b - +0 shield
rPois  .         Spirit   .     (helmet restricted)
rElec  .         Dismiss  .     (no cloak)
rCorr  .         Reflect  .     (gloves unavailable)
SustAt .         Harm     .     (boots unavailable)
MR     .....                    (no amulet)
Stlth  +.........               (no ring)
                                (no ring)

@: mighty, not resistant to hostile enchantments, very unstealthy
A: unfitting armour, claws 3, fast metabolism 3, gourmand, regeneration 2,
shaggy fur 1, tough skin 2
a: no special abilities


You were on level 4 of the Dungeon.
You were not hungry.

You visited 1 branch of the dungeon, and saw 4 of its levels.

Inventory:

Armour
 a - a +0 robe (worn)
 b - a +0 shield (worn)
Scrolls
 e - 3 scrolls of identify {unknown}
Comestibles
 d - 3 bread rations
 f - a royal jelly


   Skills:
 - Level 2.4 Fighting
 - Level 2.4 Dodging
 - Level 2.4 Shields
 * Level 3.0 Unarmed Combat


You had one spell level left.
You didn't know any spells.

Dungeon Overview and Level Annotations

Branches:
Dungeon (4/15)
 Temple: D:4-7

Altars:

Annotations:
D:4 Blork the orc, Menkaure


Innate Abilities, Weirdness & Mutations

You are too large for most types of armour.
You have claws for hands.
Your metabolism is lightning-fast.
You like to eat raw meat.
You heal very quickly.
You are covered in fur. (AC +1)
You have very tough skin. (AC +2)


Message History

The bat hits you but does no damage. You block the bat's attack.
The kobold closely misses you. The bat hits you but does no damage.
You block the bat's attack.
There is a stone staircase leading down here.
You scratch the kobold but do no damage.
You block the kobold's attack. The kobold hits you but does no damage.
You climb downwards.
There is a stone staircase leading up here.
Unknown command.
Unknown command.
You miss the kobold. The kobold hits you.
You scratch the kobold.
You kill the kobold!
Your Unarmed Combat skill increases to level 3!
You see here a kobold corpse.
A jackal and Menkaure come into view.
Menkaure shouts!
The jackal barks!
You hear a shout!
Menkaure moves out of view.
A jackal comes into view.
You miss the jackal. The jackal closely misses you. The jackal bites you.
You scratch the jackal but do no damage.
You block the jackal's attack.
You claw the jackal!
You kill the jackal!
You feel very mighty all of a sudden.
Menkaure calls on the powers of darkness!
Your body is wracked with pain!
* * * LOW HITPOINT WARNING * * *
You hear a howl!
You hear a bark!
Menkaure hits you.
* * * LOW HITPOINT WARNING * * *
Blork the orc and a howler monkey come into view.
You see here a jackal corpse.
Your shield prevents you from hitting Menkaure.
Blork the orc screams, "I'll drink your blood!
Soon!"
The howler monkey moves out of view.
Menkaure hits you!!
Ouch! That really hurt!
You die...

.......
..o....
.......
.......
.....
...
#####M#
#...@.#
#.#####
#...#
######.#
#......#
#.######
#.# #.#
#.#


You could see Blork the orc and Menkaure.

Vanquished Creatures
  An adder (D:3)
  A giant cockroach (D:1)
  A jackal (D:4)
  A bat (D:3)
  2 kobolds
6 creatures vanquished.

Notes
Turn   | Place    | Note
-------+----------+-------------------------------------------
     0 | D:1      | Implojin the Troll Fighter began the quest for the Orb.
     0 | D:1      | Reached XP level 1. HP: 22/22 MP: 0/0
    85 | D:3      | Reached XP level 2. HP: 29/29 MP: 1/1
   105 | D:4      | Reached skill level 3 in Unarmed Combat
   123 | D:4      | Noticed Menkaure
   133 | D:4      | Noticed Blork the orc
   133 | D:4      | Noticed a howler monkey
   133 | D:4      | Mangled by Menkaure

Vault maps used:
D:1:      sevenhm_arrival_forest_fort_small_4, kennysheep_another_room,
          minmay_liquid_box
D:2:      lemuel_crystal_altar
D:3:      fedhas_altar_4, uniq_crazy_yiuf_cottage, uniq_grinder, uniq_robin,
          uniq_terence
D:4:      uniq_blork_the_orc, uniq_menkaure

Skill      XL: |  1  2 |
---------------+-------+-----
Unarmed Combat | 3 |  3.0
Fighting       | |  2.4
Dodging        | |  2.4
Shields        | |  2.4

Action                   || total
-------------------------++-------
Melee: Unarmed           ||    15
  Use: Potion            ||     1
Armor: Robe              ||    11
Dodge: Dodged            ||     8
Block: Shield            ||    14

Table legend:
 A = Turns spent in this place as a percentage of turns spent in the entire game.
 B = Non-inter-level travel turns spent in this place as a percentage of non-inter-level travel turns spent in the entire game.
 C = Inter-level travel turns spent in this place as a percentage of turns spent in this place.
 D = Turns resting spent in this place as a percentage of non-inter-level travel turns spent in this place.
 E = Turns spent auto-exploring this place as a percentage of non-inter-level travel turns spent in this place.
 F = Non-inter-level travel turns spent in this place divided by the number of levels of this place that you've seen.
                   A       B       C       D       E      F
               +-------+-------+-------+-------+-------+----------------------
         Total | 100.0 | 100.0 |   0.0 |   0.0 |   0.0 |  34.2
       Dungeon | 100.0 | 100.0 |   0.0 |   0.0 |   0.0 |  34.2
               +-------+-------+-------+-------+-------+----------------------

Table legend:
 A = Kills in this place as a percentage of kills in entire the game.
 B = Kills by you in this place as a percentage of kills by you in the entire game.
 C = Kills by friends in this place as a percentage of kills by friends in the entire game.
 D = Other kills in this place as a percentage of other kills in the entire game.
 E = Experience gained in this place as a percentage of experience gained in the entire game.
 F = Experience gained in this place divided by the number of levels of this place that you have seen.
                   A       B       C       D       E      F
               +-------+-------+-------+-------+-------+----------------------
         Total | 100.0 | 100.0 |  -nan |  -nan | 100.0 |   5.2
       Dungeon | 100.0 | 100.0 |  -nan |  -nan | 100.0 |   5.2
               +-------+-------+-------+-------+-------+----------------------
